 Dungeon Crawl Stone Soup version 0.31-a0-524-g2a164cf6a2 (webtiles) character file.

Game seed: 2106367262710521760

103 Cuckquean the Changeling (level 4, -11/3 HPs)
             Began as an Octopode Shapeshifter on Aug 12, 2023.
             Killed from afar by Ijyb (14 damage)
             ... with a bolt of dispelling energy
             ... on level 3 of the Dungeon.
             The game lasted 00:04:49 (1883 turns).

Cuckquean the Changeling (Octopode Shapeshifter)    Turns: 1883, Time: 00:04:49

Health: -11/3      AC: 27    Str: 16    XL:     4   Next: 79%
Magic:  4/4        EV: 12    Int: 10    God:
Gold:   163        SH:  0    Dex: 12    Spells: 3/3 levels left

rFire   . .          .
                       - Unarmed
rCold   + . .        (no shield)
rNeg    + . .        (helmet restricted)
rPois   ∞            (no amulet)
rElec   +            f - ring of protection from cold
rCorr   .            (no ring)
SInv    .            (no ring)
Will    .....        (no ring)
Stlth   +++          (no ring)
HPRegen 0.20/turn    (no ring)
MPRegen 0.09/turn    (no ring)
                     (no ring)

%: no passive effects
@: statue-form, very slow
A: slow and powerful, torment resistance 1, reduced hp, almost no armour,
amphibious, 8 rings, camouflage 1, (gelatinous body 1), (nimble swimmer 1),
tentacles
a: Begin Untransformation


You were on level 3 of the Dungeon.
You were a living statue of rough stone.
You visited 1 branch of the dungeon, and saw 3 of its levels.

You collected 163 gold pieces.

Inventory:

Missiles
 g - 2 throwing nets
Armour
 p - a +0 tower shield of protection
Jewellery
 f - a ring of protection from cold (left tentacle)
Talismans
 b - a beast talisman
 c - a flux talisman
 n - a granite talisman (active)
Scrolls
 e - a scroll of poison {unknown}
 h - a scroll of torment {unknown}
 j - a scroll of teleportation {unknown}
 l - 7 scrolls of identify {unknown}
 o - a scroll of revelation {unknown}
 q - a scroll of immolation {unknown}
Potions
 a - a potion of lignification
 d - a potion of heal wounds {unknown}
 i - a potion of ambrosia {unknown}
 k - 3 potions of curing {unknown}
 m - a potion of degeneration {unknown}


   Skills:
 - Level 1.0 Fighting
 - Level 2.0 Dodging
 - Level 1.0 Stealth
 - Level 3.2 Unarmed Combat
 * Level 4.5 Shapeshifting


You had 3 spell levels left.
You didn't know any spells.
Your spell library was empty.

Dungeon Overview and Level Annotations

Branches:
Dungeon (3/15)

Altars:

Annotations:
D:3 Ijyb


Innate Abilities, Weirdness & Mutations

You are a living statue of rough stone.
Your actions are slow, but your melee attacks are powerful.
You are resistant to unholy torment.
Your maximum health is decreased, since you lack skill for your form.
You cannot wear most types of armour.
You are amphibious.
You can wear up to eight rings at the same time.
You are immune to poison.
Your skin changes colour to match your surroundings (Stealth+).
((Your rubbery body absorbs attacks. (AC +1, EV +1)))
((You are camouflaged when in or above water. (Stealth+)))
You have tentacles for arms and can constrict up to eight enemies at once.


Message History

You constrict the jackal. The jackal misses you. The jackal barely misses you.
You tentacle-slap the jackal but do no damage.
You squeeze the jackal.
You kill the jackal!
No target in view!
q - a scroll labelled DOH BIJAURO No target in view!
You open the door.
Key pressed, stopping explore.
No target in view!
A ball python comes into view.
A ball python is nearby!
A ball python is nearby!
A ball python is nearby!
The helpless ball python fails to defend itself.
You batter the ball python!!
You kill the ball python!
Ijyb the Twisted Goblin comes into view.
She is wielding a +0 dagger and carrying a wand of quicksilver.
Found a scroll labelled ZIL LYEN LEDU.
An adder and an orc come into view.
Found 4 gold pieces.
There are monsters nearby! 2 orcs come into view.
The orc shouts!
The adder hisses angrily.
The orc shouts!
There are monsters nearby!
The adder bites you but does no damage. The adder closely misses you.
There are monsters nearby!
You closely miss the adder.
Ijyb shouts!
Your grab misses the adder. You squeeze the adder.
The adder is heavily wounded.
The adder bites you but does no damage. The adder barely misses you.
You closely miss the adder. Your grab misses the adder.
The adder is heavily wounded.
The adder bites you but does no damage. x2; The orc closely misses you.
You bludgeon the adder!
You kill the adder!
Ijyb zaps a wand.
The bolt of dispelling energy hits you!
Ouch! That really hurt!
You die...

###+#.....#####..#.#.#.....
####### #....#.......
#..#......#.. #.........#..
######## #.........#..
#..?...#########....#..
#......##.......<...#.#
.#....g......######.)#.#
......o8...........#)..#
##....†o...........#...#
#.....o...........#....
#.................#....
#..........<......#....
#.................#....
#.$...............#....
######........ #.#.#


You could see Ijyb and 3 orcs.

Vanquished Creatures
  5 adders
  A dart slug (D:3)
  5 orcs (D:3)
  2 endoplasms
  4 giant cockroaches (D:2)
  5 goblins
  4 hobgoblins
  6 jackals (D:3)
  5 kobolds
  3 quokkas
  4 ball pythons
  3 bats
  5 frilled lizards
  7 rats
59 creatures vanquished.

Notes
Turn   | Place    | Note
-------+----------+-------------------------------------------
     0 | D:1      | Cuckquean the Octopode Shapeshifter began the quest for the
                  | Orb.
     0 | D:1      | Reached XP level 1. HP: 13/13 MP: 1/1
   162 | D:1      | Reached XP level 2. HP: 18/18 MP: 2/2
   169 | D:1      | Reached skill level 1 in Stealth
   821 | D:2      | Reached XP level 3. HP: 23/23 MP: 3/3
  1503 | D:3      | Reached skill level 4 in Shapeshifting
  1512 | D:3      | Reached XP level 4. HP: 3/28 MP: 4/4
  1690 | D:3      | Found a faded altar of an unknown god.
  1876 | D:3      | Noticed Ijyb
  1883 | D:3      | Killed from afar by Ijyb

Illustrated notes

Levels and vault maps discovered:
D:1:      sevenhm_arrival_forest_fort_small_4, layout_basic
D:2:      layout_loops_ring
D:3:      layout_basic, dreamdust_ecumenical_altar_hidden_monk_grotto, uniq_ijyb

Skill      XL: |  1  2  3 |
---------------+----------+-----
Stealth        | 1 |  1.0
Shapeshifting  | 4 |  4.5
Fighting       | |  1.0
Dodging        | |  2.0
Unarmed Combat | |  3.2

Action                     |  1- 3 |  4- 6 || total
---------------------------+-------+-------++-------
  Melee: Unarmed           |    63 |    48 ||   111
         Constrict         |    20 |    10 ||    30
         Tentacles         |    16 |     4 ||    20
         Punch             |     1 |     1 ||     2
   Stab: Sleeping          |     7 |     3 ||    10
         Distracted        |       |     1 ||     1
 Armour: Skin              |    11 |    31 ||    42
  Dodge: Dodged            |    38 |    53 ||    91
   Form: Statue            |     1 |       ||     1

Table legend: (Time is in decaauts)
 A = Elapsed time spent in this place.
 B = Non-inter-level travel time spent in this place.
 C = Inter-level travel time spent in this place.
 D = Time resting spent in this place.
 E = Time spent auto-exploring this place.
 F = Levels seen in this place.
 G = Mean time per level.
                   A        B        C        D        E       F      G
               +--------+--------+--------+--------+--------+-----+--------+
         Total |   2132 |   2048 |     84 |     49 |   1277 |   3 |  710.7 |
       Dungeon |   2132 |   2048 |     84 |     49 |   1277 |   3 |  710.7 |
               +--------+--------+--------+--------+--------+-----+--------+

Top non-repeatable levels by time:
     D:2: 823 daAuts
     D:1: 735 daAuts
     D:3: 573 daAuts
